APP
BOSTON (APP) RED SOX @ TEXAS (APP) RANGERS
09/21/2045
 
TOP OF THE 1ST
Boston (APP) Red Sox batting - Pitching for Texas (APP) Rangers : RHP Manny Campos
Pitching: RHP Manny Campos
Batting: LHB John Buff 0-0: Called Strike
0-1: Swinging Strike
0-2: Ball
1-2: Fly out, F8 (Flyball, 8LXD, EV 90.0 MPH)
Batting: RHB Jim Hubbard 0-0: Swinging Strike
0-1: Ball
1-1: Called Strike
1-2: Strikes out swinging
Batting: RHB Sal Rivera 0-0: Called Strike
0-1: Foul Ball, location: 2F
0-2: Strikes out looking
Top of the 1st over - 0 runs, 0 hits, 0 errors, 0 left on base; Boston (APP) 0 - Texas (APP) 0
BOTTOM OF THE 1ST
Texas (APP) Rangers batting - Pitching for Boston (APP) Red Sox : LHP Eddie Contreras
Pitching: LHP Eddie Contreras
Batting: RHB Nick Solberg 0-0: Ball
1-0: Called Strike
1-1: Ground out 6-3 (Groundball, 6, EV 90.0 MPH)
Batting: RHB Luis Solorzano 0-0: Ball
1-0: Ball
2-0: Ground out U3 (Groundball, 3, EV 83.8 MPH)
Batting: LHB Tomoya Hashimoto 0-0: Ball
1-0: SOLO HOME RUN (Flyball, 9D, EV 95.6 MPH), Distance : 364 ft
Batting: RHB David Redman 0-0: Called Strike
0-1: Ball
1-1: Foul Ball, location: 2F
1-2: Foul Ball, location: 2F
1-2: DOUBLE (Flyball, 8RXD, EV 98.8 MPH)
Batting: RHB Luis Reyna 0-0: Foul Ball, location: 2F
0-1: Ball
1-1: Ball
2-1: Called Strike
2-2: Foul Ball, location: 2F
2-2: Reached on error, E5 (Groundball, 25, EV 88.8 MPH)
David Redman to third
Batting: RHB Bryan Wheeler 0-0: Ball
1-0: Called Strike
1-1: Ball
2-1: 3-RUN HOME RUN (Flyball, 7D, EV 96.9 MPH), Distance : 388 ft
Batting: RHB Rafael Tapia 0-0: Fly out, F9 (Flyball, 9S, EV 88.8 MPH)
Bottom of the 1st over - 4 runs, 3 hits, 1 error, 0 left on base; Boston (APP) 0 - Texas (APP) 4
TOP OF THE 2ND
Boston (APP) Red Sox batting - Pitching for Texas (APP) Rangers : RHP Manny Campos
Batting: LHB Carlos Guerra 0-0: SINGLE (Line Drive, 7LS, EV 86.9 MPH)
Batting: LHB Aaron Brannon 0-0: Ball
1-0: Ball
Carlos Guerra is caught stealing 2nd base 2-6
2-0: Called Strike
2-1: Ground out 4-3 (Groundball, 4, EV 102.5 MPH)
Batting: RHB Travis Campbell 0-0: Called Strike
0-1: Ball
1-1: Called Strike
1-2: Fly out, F8 (Flyball, 8RD, EV 91.9 MPH)
Top of the 2nd over - 0 runs, 1 hit, 0 errors, 0 left on base; Boston (APP) 0 - Texas (APP) 4
BOTTOM OF THE 2ND
Texas (APP) Rangers batting - Pitching for Boston (APP) Red Sox : LHP Eddie Contreras
Batting: SHB Albert Ortiz 0-0: Called Strike
0-1: Called Strike
0-2: Ball
1-2: Strikes out swinging
Batting: RHB Carlos Munos 0-0: SINGLE (Line Drive, 6D, EV 105.6 MPH)
Batting: RHB Nick Solberg 0-0: Ball
1-0: Ball
2-0: Called Strike
Carlos Munos steals 2nd base
2-1: Swinging Strike
2-2: Strikes out swinging
Batting: RHB Luis Solorzano 0-0: DOUBLE (Line Drive, 9LM, EV 103.8 MPH)
Carlos Munos scores
Batting: LHB Tomoya Hashimoto 0-0: Ball
1-0: Ball
2-0: Foul Ball, location: 2F
2-1: Swinging Strike
2-2: Ball
3-2: SINGLE (Groundball, 4MD, EV 94.4 MPH)
Luis Solorzano to third
Runner from 3rd tries for Home, SAFE, throw by CF to home
Tomoya Hashimoto to second
Pitching: LHP Chris Deans
Batting: RHB David Redman 0-0: Called Strike
0-1: Swinging Strike
0-2: Ball
1-2: Ball
2-2: Foul Ball, location: 2F
2-2: Ball
3-2: Base on Balls
Batting: RHB Luis Reyna 0-0: Foul Ball, location: 2F
0-1: Ball
1-1: Foul Ball, location: 2F
1-2: Ball
2-2: Foul Ball, location: 2F
2-2: Ball
3-2: Fly out, F6 (Popup, 4M, EV 50.6 MPH)
Bottom of the 2nd over - 2 runs, 3 hits, 0 errors, 2 left on base; Boston (APP) 0 - Texas (APP) 6
TOP OF THE 3RD
Boston (APP) Red Sox batting - Pitching for Texas (APP) Rangers : RHP Manny Campos
Batting: RHB Alex Melendez 0-0: Ball
1-0: Ball
2-0: Ball
3-0: Base on Balls
Batting: RHB Dominique Paolozzi 0-0: Called Strike
0-1: Foul Ball, location: 2F
0-2: Fly out, F8 (Flyball, 8LS, EV 90.0 MPH)
Batting: RHB Rogelio Cervantes 0-0: Ball
1-0: Foul Ball, location: 2F
1-1: Ball
2-1: Grounds into double play, 5-4-3 (Groundball, 56, EV 106.9 MPH)
Top of the 3rd over - 0 runs, 0 hits, 0 errors, 0 left on base; Boston (APP) 0 - Texas (APP) 6
BOTTOM OF THE 3RD
Texas (APP) Rangers batting - Pitching for Boston (APP) Red Sox : LHP Chris Deans
Batting: RHB Bryan Wheeler 0-0: Foul Ball, location: 2F
0-1: Ball
1-1: Ball
2-1: Ground out 2-3 (Groundball, 2L, EV 61.2 MPH)
Batting: RHB Rafael Tapia 0-0: Called Strike
0-1: Fly out, F8 (Flyball, 89XD, EV 86.2 MPH)
Batting: SHB Albert Ortiz 0-0: Ball
1-0: Swinging Strike
1-1: Ball
2-1: Foul Ball, location: 2F
2-2: Foul Ball, location: 2F
2-2: Ball
3-2: Foul Ball, location: 2F
3-2: Base on Balls
Batting: RHB Carlos Munos 0-0: Ball
1-0: Foul Ball, location: 2F
1-1: Ground out 4-3 (Groundball, 34, EV 87.5 MPH)
Bottom of the 3rd over - 0 runs, 0 hits, 0 errors, 1 left on base; Boston (APP) 0 - Texas (APP) 6
TOP OF THE 4TH
Boston (APP) Red Sox batting - Pitching for Texas (APP) Rangers : RHP Manny Campos
Batting: LHB John Buff 0-0: Called Strike
0-1: Ball
1-1: Ball
2-1: Foul Ball, location: 2F
2-2: Ball
3-2: SINGLE (Flyball, 56D, EV 95.0 MPH)
Batting: RHB Jim Hubbard 0-0: Ball
1-0: Called Strike
1-1: Ball
2-1: Fly out, F7 (Flyball, 7, EV 90.0 MPH)
Batting: RHB Sal Rivera 0-0: Ball
John Buff steals 2nd base
1-0: Ball
2-0: Ball
3-0: Foul Ball, location: 2F
3-1: Called Strike
3-2: DOUBLE (Flyball, 7LD, EV 101.9 MPH)
John Buff scores
Batting: LHB Carlos Guerra 0-0: Ball
1-0: Foul Ball, location: 2F
1-1: Ball
2-1: Ball
3-1: Called Strike
3-2: DOUBLE (Line Drive, 89D, EV 110.6 MPH)
Sal Rivera scores
Batting: LHB Aaron Brannon 0-0: Ground out 6-3 (Groundball, 4M, EV 89.4 MPH)
Carlos Guerra to third
Batting: RHB Travis Campbell 0-0: Ball
1-0: Foul Ball, location: 2F
1-1: Ball
2-1: Called Strike
2-2: Ball
3-2: Foul Ball, location: 2F
3-2: Fly out, F8 (Flyball, 8RD, EV 96.2 MPH)
Top of the 4th over - 2 runs, 3 hits, 0 errors, 1 left on base; Boston (APP) 2 - Texas (APP) 6
BOTTOM OF THE 4TH
Texas (APP) Rangers batting - Pitching for Boston (APP) Red Sox : LHP Chris Deans
Batting: RHB Nick Solberg 0-0: Called Strike
0-1: Called Strike
0-2: Ball
1-2: Ball
2-2: DOUBLE (Line Drive, 9LM, EV 95.6 MPH)
Pitching: RHP Mike Goodwin
Batting: RHB Luis Solorzano 0-0: Called Strike
Nick Solberg steals 3rd base
0-1: Ball
1-1: Called Strike
1-2: Strikes out swinging
Batting: LHB Tomoya Hashimoto 0-0: Ground out 4-3 (Groundball, 4, EV 77.5 MPH)
Nick Solberg scores
Batting: RHB David Redman 0-0: Called Strike
0-1: Ball
1-1: Ball
2-1: Ball
3-1: Ground out 6-3 (Groundball, 6, EV 91.2 MPH)
Bottom of the 4th over - 1 run, 1 hit, 0 errors, 0 left on base; Boston (APP) 2 - Texas (APP) 7
TOP OF THE 5TH
Boston (APP) Red Sox batting - Pitching for Texas (APP) Rangers : RHP Manny Campos
Batting: RHB Alex Melendez 0-0: Ball
1-0: DOUBLE (Line Drive, 89XD, EV 104.4 MPH)
Batting: RHB Dominique Paolozzi 0-0: Foul Ball, location: 2F
0-1: Ball
1-1: Foul Ball, location: 2F
1-2: DOUBLE (Line Drive, 9LM, EV 96.9 MPH)
Alex Melendez scores
Batting: RHB Rogelio Cervantes 0-0: Swinging Strike
0-1: SINGLE (Line Drive, 4MD, EV 95.6 MPH)
Dominique Paolozzi to third
Runner from 3rd tries for Home, SAFE, throw by CF to home
Batting: LHB John Buff 0-0: Called Strike
0-1: Ball
1-1: Ball
Rogelio Cervantes steals 2nd base
2-1: Ground out U3 (Groundball, 34S, EV 80.6 MPH)
Rogelio Cervantes to third
Batting: RHB Jim Hubbard 0-0: Ball
1-0: Foul Ball, location: 2F
1-1: Foul Ball, location: 2F
1-2: SINGLE (Line Drive, 3D, EV 98.8 MPH)
Rogelio Cervantes scores
Pitching: LHP Kevin Anderson
Batting: RHB Sal Rivera 0-0: Ball
1-0: Called Strike
1-1: SINGLE (Groundball, 4D, EV 98.1 MPH)
Jim Hubbard to second
Runner from 2nd tries for 3rd, SAFE, throw by RF made to third
Batting: LHB Carlos Guerra 0-0: Ball
Sal Rivera steals 2nd base
1-0: Ball
2-0: Foul Ball, location: 2F
2-1: Foul Ball, location: 2F
2-2: Ground out 4-3 (Groundball, 4MD, EV 90.0 MPH)
Jim Hubbard scores
Sal Rivera to third
Pinch Hitting: RHB John Doucette 0-0: Ball
1-0: 2-RUN HOME RUN (Flyball, 9LD, EV 94.4 MPH), Distance : 352 ft
Batting: RHB Travis Campbell 0-0: Swinging Strike
0-1: Ball
1-1: Ball
2-1: Foul Ball, location: 2F
2-2: Strikes out swinging
Top of the 5th over - 6 runs, 6 hits, 0 errors, 0 left on base; Boston (APP) 8 - Texas (APP) 7
BOTTOM OF THE 5TH
Texas (APP) Rangers batting - Pitching for Boston (APP) Red Sox : RHP Mike Goodwin
Now at 1B: John Doucette
Batting: RHB Luis Reyna 0-0: Called Strike
0-1: Ball
1-1: Ball
2-1: Swinging Strike
2-2: Fly out, F7 (Flyball, 78D, EV 105.0 MPH)
Batting: RHB Bryan Wheeler 0-0: Ball
1-0: Ball
2-0: Called Strike
2-1: Called Strike
2-2: Ball
3-2: Base on Balls
Pinch Hitting: LHB Walter Vegter 0-0: Ball
1-0: Ball
2-0: Called Strike
2-1: Foul Ball, location: 2F
2-2: Foul Ball, location: 2F
2-2: Foul Ball, location: 2F
2-2: 2-RUN HOME RUN (Flyball, 9D, EV 96.2 MPH), Distance : 362 ft
Batting: SHB Albert Ortiz 0-0: Ground out U3 (Groundball, 3, EV 111.9 MPH)
Batting: RHB Carlos Munos 0-0: Swinging Strike
0-1: Swinging Strike
0-2: Foul Ball, location: 2F
0-2: Strikes out looking
Bottom of the 5th over - 2 runs, 1 hit, 0 errors, 0 left on base; Boston (APP) 8 - Texas (APP) 9
TOP OF THE 6TH
Boston (APP) Red Sox batting - Pitching for Texas (APP) Rangers : LHP Kevin Anderson
Now at SS: Ferdi Schipper
Batting: RHB Alex Melendez 0-0: Called Strike
0-1: Ball
1-1: Called Strike
1-2: Ball
2-2: Fly out, F8 (Flyball, 8RS, EV 96.2 MPH)
Batting: RHB Dominique Paolozzi 0-0: Swinging Strike
0-1: Swinging Strike
0-2: Ball
1-2: Strikes out swinging
Batting: RHB Rogelio Cervantes 0-0: Called Strike
0-1: Ball
1-1: Ball
2-1: Called Strike
2-2: Strikes out swinging
Top of the 6th over - 0 runs, 0 hits, 0 errors, 0 left on base; Boston (APP) 8 - Texas (APP) 9
BOTTOM OF THE 6TH
Texas (APP) Rangers batting - Pitching for Boston (APP) Red Sox : RHP Mike Goodwin
Batting: RHB Nick Solberg 0-0: Foul Ball, location: 2F
0-1: Ground out 5-3 (Groundball, 56S, EV 63.8 MPH)
Batting: RHB Luis Solorzano 0-0: Ball
1-0: Foul Ball, location: 2F
1-1: Ground out 1-3 (Groundball, 25, EV 70.6 MPH)
Batting: LHB Tomoya Hashimoto 0-0: Ground out U3 (Groundball, 34S, EV 83.1 MPH)
Bottom of the 6th over - 0 runs, 0 hits, 0 errors, 0 left on base; Boston (APP) 8 - Texas (APP) 9
TOP OF THE 7TH
Boston (APP) Red Sox batting - Pitching for Texas (APP) Rangers : LHP Kevin Anderson
Pitching: LHP Tony Bravo
Batting: LHB John Buff 0-0: Foul Ball, location: 2F
0-1: Fly out, F5 (Popup, 5F, EV 65.6 MPH)
Batting: RHB Jim Hubbard 0-0: Ball
1-0: Swinging Strike
1-1: Fly out, F4 (Popup, 4S, EV 81.2 MPH)
Batting: RHB Sal Rivera 0-0: Swinging Strike
0-1: Ball
1-1: Called Strike
1-2: Ball
2-2: Foul Ball, location: 2F
2-2: Ground out 6-3 (Groundball, 6S, EV 84.4 MPH)
Top of the 7th over - 0 runs, 0 hits, 0 errors, 0 left on base; Boston (APP) 8 - Texas (APP) 9
BOTTOM OF THE 7TH
Texas (APP) Rangers batting - Pitching for Boston (APP) Red Sox : RHP Mike Goodwin
Pitching: LHP Jon Convery
Batting: RHB David Redman 0-0: Ball
1-0: Foul Ball, location: 2F
1-1: Ball
2-1: Ball
3-1: Base on Balls
Batting: RHB Luis Reyna 0-0: Foul Ball, location: 2F
0-1: Foul Ball, location: 2F
0-2: Ball
1-2: Strikes out looking
Batting: RHB Bryan Wheeler 0-0: Foul Ball, location: 2F
0-1: Foul Ball, location: 2F
0-2: Ball
1-2: Strikes out looking
Batting: RHB Ferdi Schipper 0-0: Swinging Strike
0-1: Swinging Strike
0-2: Strikes out looking
Bottom of the 7th over - 0 runs, 0 hits, 0 errors, 1 left on base; Boston (APP) 8 - Texas (APP) 9
TOP OF THE 8TH
Boston (APP) Red Sox batting - Pitching for Texas (APP) Rangers : LHP Tony Bravo
Pitching: LHP A.J. Heffner
Batting: LHB Carlos Guerra 0-0: Foul Ball, location: 2F
0-1: Fly out, F4 (Popup, 34S, EV 75.6 MPH)
Batting: RHB John Doucette 0-0: Called Strike
0-1: Swinging Strike
0-2: Strikes out swinging
Batting: RHB Travis Campbell 0-0: Called Strike
0-1: Foul Ball, location: 2F
0-2: Ball
1-2: Ball
2-2: Foul Ball, location: 2F
2-2: Strikes out swinging
Top of the 8th over - 0 runs, 0 hits, 0 errors, 0 left on base; Boston (APP) 8 - Texas (APP) 9
BOTTOM OF THE 8TH
Texas (APP) Rangers batting - Pitching for Boston (APP) Red Sox : LHP Jon Convery
Batting: SHB Albert Ortiz 0-0: Ball
1-0: Called Strike
1-1: Foul Ball, location: 2F
1-2: Ball
2-2: Strikes out swinging
Batting: RHB Carlos Munos 0-0: TRIPLE (Flyball, 78XD, EV 100.6 MPH)
Batting: RHB Nick Solberg 0-0: Intentional Walk
Batting: RHB Luis Solorzano 0-0: Ball
1-0: Foul Ball, location: 2F
1-1: Ball
2-1: SINGLE (Line Drive, 34D, EV 95.0 MPH)
Carlos Munos scores
Nick Solberg to second
Runner from 2nd tries for 3rd, SAFE, throw by RF made to third
Batting: LHB Tomoya Hashimoto 0-0: Foul Ball, location: 2F
0-1: Ball
Wild Pitch!
Nick Solberg scores
Luis Solorzano to second
1-1: Swinging Strike
1-2: Foul Ball, location: 2F
1-2: Foul Ball, location: 2F
1-2: Strikes out looking
Batting: RHB David Redman 0-0: Called Strike
0-1: Ball
1-1: Swinging Strike
1-2: Ball
2-2: Ball
3-2: Base on Balls
Batting: RHB Luis Reyna 0-0: Ball
1-0: SINGLE (Line Drive, 78S, EV 102.5 MPH)
Luis Solorzano to third
David Redman to second
Batting: RHB Bryan Wheeler 0-0: GRAND SLAM HOME RUN (Flyball, 9D, EV 98.8 MPH), Distance : 361 ft
Pitching: RHP Victor Fuentes
Pinch Hitting: SHB Alfonso Chacon 0-0: Ball
1-0: Foul Ball, location: 2F
1-1: Ball
2-1: Fly out, F7 (Flyball, 7D, EV 100.0 MPH)
Bottom of the 8th over - 6 runs, 4 hits, 0 errors, 0 left on base; Boston (APP) 8 - Texas (APP) 15
TOP OF THE 9TH
Boston (APP) Red Sox batting - Pitching for Texas (APP) Rangers : LHP A.J. Heffner
Now at SS: Jeremy Palac
Batting: RHB Alex Melendez 0-0: Ball
1-0: Called Strike
1-1: Swinging Strike
1-2: Strikes out swinging
Batting: RHB Dominique Paolozzi 0-0: Foul Ball, location: 2F
0-1: Called Strike
0-2: Ball
1-2: Foul Ball, location: 2F
1-2: Foul Ball, location: 2F
1-2: Strikes out swinging
Batting: RHB Rogelio Cervantes 0-0: Called Strike
0-1: Called Strike
0-2: Ball
1-2: Strikes out swinging
Top of the 9th over - 0 runs, 0 hits, 0 errors, 0 left on base; Boston (APP) 8 - Texas (APP) 15
Wednesday, June 22nd , 2022 - OOTP Baseball 23.4 Build 64